 Dungeon Crawl Stone Soup version 0.23.2-1-ga50397a6bc (webtiles) character file.

Game seed: 9733940201815952873

235 Cykl0x the Shield-Bearer (level 6, -2/48 HPs)
             Began as a Formicid Fighter on May 22, 2019.
             Killed from afar by an orc wizard (8 damage)
             ... with a magic dart
             ... on level 3 of the Dungeon.
             The game lasted 00:05:44 (1805 turns).

Cykl0x the Shield-Bearer (Formicid Fighter)         Turns: 1805, Time: 00:05:45

Health: -2/48      AC:  7    Str: 21    XL:     6   Next: 26%
Magic:  6/6        EV:  8    Int:  8    God:
Gold:   79         SH: 11    Dex: 11    Spells: 5/5 levels left

rFire    . . .     SeeInvis +   a - +1 war axe
rCold    . . .     Gourm    .   c - +1 shield
rNeg     . . .     Faith    .   b - +0 scale mail
rPois    .         Spirit   .   (helmet unavailable)
rElec    .         Reflect  .   (no cloak)
rCorr    .         Harm     .   (no gloves)
MR       .....                  (no boots)
Stlth    ..........             (no amulet)
HPRegen  0.16/turn              (no ring)
MPRegen  0.10/turn              (no ring)

@: no status effects
A: permanent stasis, dig shafts and tunnels, four strong arms, antennae 3
a: Dig, Shaft Self


You were on level 3 of the Dungeon.
You were not hungry.

You visited 1 branch of the dungeon, and saw 3 of its levels.

You collected 79 gold pieces.

Inventory:

Hand Weapons
 a - a +1 war axe (weapon)
Missiles
 i - 47 stones (quivered)
Armour
 b - a +0 scale mail (worn)
 c - a +1 shield (worn)
Jewellery
 h - an uncursed ring of ice
Scrolls
 j - 2 scrolls of remove curse
 l - 2 scrolls of amnesia
 n - a scroll of identify
Potions
 d - a potion of might
 e - a potion of agility
 k - a potion of curing
Comestibles
 f - 5 rations
 g - 15 chunks of flesh


   Skills:
 + Level 4.0 Fighting
 + Level 4.3 Axes
 + Level 3.9 Armour
 + Level 1.0 Dodging
 + Level 0.1 Stealth
 + Level 4.8 Shields


You had 5 spell levels left.
You didn't know any spells.
Your spell library was empty.

Dungeon Overview and Level Annotations

Branches:
Dungeon (3/15)

Altars:


Innate Abilities, Weirdness & Mutations

You cannot be hasted, slowed, berserked, paralysed or teleported.
You can dig through walls and to a lower floor.
Your four strong arms can wield two-handed weapons with a shield.
You have a pair of large antennae on your head. (SInv)


Message History

The jackal bites you.
* * * LOW HITPOINT WARNING * * *
The orc wizard points at you and mumbles some strange words.
The puff of frost hits you.
* * * LOW HITPOINT WARNING * * *
The jackal bites you but does no damage.
You block the jackal's attack.
The orc wizard miscasts a cantrip.
You closely miss the orc wizard.
The orc wizard is almost dead.
You hit the jackal but do no damage. You closely miss the jackal.
The jackal bites you but does no damage.
You block the jackal's attack.
The orc wizard hits you but does no damage.
The jackal bites you.
* * * LOW HITPOINT WARNING * * *
The jackal closely misses you.
The orc wizard gestures at you while chanting.
The magic dart hits you!
You die...

# #.# # #.# # #.# #
############.# # #
#.....)......# #
#.#######.############
## #.........# .#
######†.....#### .#
......o@......... .#
####..hh....##### .#
............# .#
..........#.# .######.
####......#.# ........
#.#.##.... .######.
#.#. ..###. .# #... .#
.# ##


You could see an orc wizard (invisible) and 2 jackals.

Vanquished Creatures
  An orc priest (D:3)
  2 orc wizards (D:2)
  5 adders
  3 worms (D:2)
  4 dart slugs
  4 leopard geckos
  6 orcs
  A ball python (D:2)
  2 giant cockroaches (D:3)
  9 goblins
  7 hobgoblins
  6 jackals (D:3)
  2 quokkas (D:3)
  8 bats
  3 frilled lizards (D:1)
  7 kobolds
  14 rats
84 creatures vanquished.

Notes
Turn   | Place    | Note
-------+----------+-------------------------------------------
     0 | D:1      | Cykl0x the Formicid Fighter began the quest for the Orb.
     0 | D:1      | Reached XP level 1. HP: 18/18 MP: 1/1
    81 | D:1      | Reached XP level 2. HP: 14/24 MP: 2/2
   364 | D:1      | Reached XP level 3. HP: 24/29 MP: 3/3
  1043 | D:2      | Reached XP level 4. HP: 30/37 MP: 4/4
  1058 | D:2      | Reached XP level 5. HP: 30/42 MP: 5/5
  1769 | D:3      | Reached XP level 6. HP: 46/48 MP: 6/6
  1796 | D:3      | Reached skill level 1 in Dodging
  1805 | D:3      | Killed from afar by an orc wizard

Skill      XL: |  1  2  3  4  5  6 |
---------------+-------------------+-----
Shields        | 4 |  4.8
Axes           | 3 4 |  4.3
Fighting       | 4 |  4.0
Dodging        | 1 |  1.0
Armour         | |  3.9
Stealth        | |  0.1

Action                   |  1- 3 |  4- 6 || total
-------------------------+-------+-------++-------
Melee: War axe           |   103 |   112 ||   215
Throw: Stone             |     1 |       ||     1
  Use: Scroll            |     5 |     4 ||     9
  Eat: Chunk             |     1 |     2 ||     3
Armor: Scale mail        |    41 |    55 ||    96
Dodge: Dodged            |    31 |    40 ||    71
Block: Shield            |    64 |    80 ||   144
